 Dungeon Crawl Stone Soup version 0.30-a0-168-g0b976cbdc4 (webtiles) character file.

Game seed: 10658559560512156995

16149 LnG the Covert (level 12, -5/67 HPs)
             Began as a Kobold Summoner on Sept 29, 2022.
             Was a Priest of Lugonu.
             Slain by a freezing wraith (21 damage)
             ... on level 14 of the Dungeon.
             The game lasted 01:14:26 (17712 turns).

LnG the Covert (Kobold Summoner)                   Turns: 17712, Time: 01:14:26

Health: -5/67      AC: 14    Str:  4    XL:     12   Next: 66%
Magic:  20/24      EV: 18    Int: 25    God:    Lugonu [***...]
Gold:   450        SH:  0    Dex: 15    Spells: 15/28 levels left

rFire   . . .      SeeInvis .    y - +1 short sword of the Original Sin {pain, Str-2 Int+4}
rCold   . . .      Faith    .    (no shield)
rNeg    . . .      Spirit   .    D - +3 robe "Wyxkub" {+Blink rCorr}
rPois   .          Reflect  .    (no helmet)
rElec   .          Harm     .    h - +0 cloak
rCorr   +          Rampage  .    w - +1 pair of gloves {hurl}
Will    .....                    k - +1 pair of boots
Stlth   ++++++....               f - amulet of magic regeneration
HPRegen 0.21/turn                C - +4 ring of protection
MPRegen 0.59/turn                (no ring)

@: slowed, very slow
A: small, no large weapons, nightstalker 3
a: Renounce Religion, Evoke Blink, Depart the Abyss, Bend Space, Banish


You were on level 14 of the Dungeon.
You worshipped Lugonu.
Lugonu was most pleased with you.
You visited 2 branches of the dungeon, and saw 15 of its levels.
You also visited: Bailey.

You collected 903 gold pieces.
You spent 453 gold pieces at shops.

Inventory:

Hand Weapons
 d - a +1 dagger of draining
 g - a +0 dagger of venom
 x - a +2 dagger of venom
 y - the +1 short sword of the Original Sin (weapon) {pain, Str-2 Int+4}
   (You found it on level 9 of the Dungeon)

   In the hands of one skilled in necromantic magic, it inflicts extra damage on
   living creatures.
   Str:       It affects your strength (-2).
   Int:       It affects your intelligence (+4).
Armour
 h - a +0 cloak (worn)
 k - a +1 pair of boots (worn)
 w - a +1 pair of gloves of hurling (worn)
 D - the +3 robe "Wyxkub" (worn) {+Blink rCorr}
   (You bought it in a shop on level 9 of the Dungeon)

   +Blink:    It lets you blink.
   rCorr:     It protects you from acid and corrosion.
Jewellery
 f - an amulet of magic regeneration (around neck)
 j - an amulet of regeneration
 C - a +4 ring of protection (left hand)
Wands
 e - a wand of flame (32)
 r - a wand of paralysis (6)
 u - a wand of polymorph (12)
 B - a wand of mindburst (6)
Scrolls
 a - a scroll of fear
 i - a scroll of magic mapping
 n - 2 scrolls of fog
 p - 2 scrolls of immolation
 s - a scroll of vulnerability
 G - a scroll of blinking {unknown}
 K - a scroll of poison {unknown}
 L - a scroll of enchant weapon
Potions
 b - 5 potions of magic
 c - a potion of attraction {unknown}
 l - 3 potions of brilliance
 m - 4 potions of flight
 o - 2 potions of lignification
 q - 2 potions of berserk rage
 t - 3 potions of mutation
 z - a potion of haste {unknown}
 A - 2 potions of curing
 E - a potion of cancellation {unknown}
 H - a potion of might {unknown}
 I - a potion of ambrosia {unknown}
Miscellaneous
 v - a condenser vane
 F - a tin of tremorstones (2/2)
 J - a box of beasts (inert)


   Skills:
 + Level 4.7 Fighting
 + Level 8.6 Short Blades
 + Level 7.5 Dodging
 + Level 12.8 Stealth
 + Level 8.9 Spellcasting
 + Level 0.7 Hexes
 + Level 9.5 Summonings
 + Level 2.7 Air Magic
 * Level 8.4 Invocations
 + Level 1.8 Evocations


You had 15 spell levels left.
You knew the following spells:

 Your Spells              Type           Power      Damage    Failure   Level
a - Summon Small Mammal   Summ           100%       N/A       1%          1
b - Call Imp              Summ           56%        N/A       1%          2
c - Call Canine Familiar  Summ           56%        N/A       1%          3
d - Summon Guardian Gole  Hex/Summ       36%        N/A       1%          3
e - Summon Lightning Spi  Summ/Air       41%        N/A       4%          4

Your spell library contained the following spells:

 Spells                   Type           Power      Damage    Failure   Level
 Shock                    Conj/Air       72%        1d7       3%          1
 Swiftness                Air            24%        N/A       5%          3
 Dazzling Flash           Conj/Hex       26%        N/A       14%         3
 Ignite Poison            Fire/Tmut/Pois 11%        N/A       17%         3
 Airstrike                Air            12%        2d(2-18)  19%         4
 Cause Fear               Hex            7%         N/A       38%         4
 Olgreb's Toxic Radiance  Pois           11%        N/A       50%         4
 Passage of Golubria      Tloc           11%        N/A       50%         4
 Sticky Flame             Conj/Fire      11%        2d3       50%         4
 Silence                  Hex/Air        9%         N/A       58%         5
 Lightning Bolt           Conj/Air       9%         1d21      65%         5
 Agony                    Necr           11%        N/A       83%         5
 Dragon Form              Tmut           5%         N/A       100%        7
 Ozocubu's Refrigeration  Ice            5%         4d8       100%        7
 Ignition                 Fire           5%         3d4       100%        8
 Lehudib's Crystal Spear  Conj/Erth      5%         10d3      100%        8
 Dragon's Call            Summ           28%        N/A       100%        9


Dungeon Overview and Level Annotations

Branches:
Dungeon (14/15)            Temple (1/1) D:5            Lair (0/5) D:9
    Orc (0/2) D:9          Bailey (visited)
 Vaults: D:13-14

Altars:
Ashenzari
Cheibriados
Dithmenos
Elyvilon
Fedhas
Gozag
Hepliaklqana
Kikubaaqudgha
Makhleb
Nemelex Xobeh
Okawaru
Qazlal
Ru
Sif Muna
Trog
Uskayaw
Vehumet
Wu Jian
Xom
Yredelemnul
Zin
The Shining One
Lugonu

Shops:
D:6 *   D:9 ([   D:12 *

Annotations:
D:10 2 transporters, exclusion: ice statue
D:13 corrupted, 3 runed translucent doors, Azrael; Tuopn's ghost, journeyman OpFE


Innate Abilities, Weirdness & Mutations

You are small and have problems with some larger weapons.
You are completely attuned to the shadows.


Message History

The freezing wraith hits your wolf. The freezing wraith freezes your wolf!
Your wolf dies!
Your wolf's corpse disappears in a puff of smoke!
You hear an angry buzzing noise.
You hear a horrible gurgling sound!
You hear a shout!
You hear a horrible gurgling sound!
You hear a shout! x3
Space bends violently around you!
You blink.
Casting: Call Canine Familiar (safe; 1% risk of failure)
Confirm with . or Enter, or press ? or * to list all spells.
An electric hum fills the air.
The howler monkey hits you but does no damage.
The freezing wraith misses you. The freezing wraith closely misses you.
The howler monkey hits you.
The freezing wraith completely misses you.
The freezing wraith misses you.
Casting: Summon Lightning Spire (dangerous; 4% risk of failure)
Confirm with . or Enter, or press ? or * to list all spells.
The howler monkey hits you but does no damage.
The freezing wraith barely misses you. The freezing wraith hits you!
The howler monkey hoots and howls with incredible vigour!
You hear an angry buzzing noise.
You hear a horrible gurgling sound! x2
Unknown command.
You hit the freezing wraith.
The freezing wraith is almost destroyed.
Your wolf bites the howler monkey!
The freezing wraith hits you but does no damage.
The freezing wraith misses you. The howler monkey closely misses you.
Unknown command.
You hit the freezing wraith but do no damage.
The freezing wraith is almost destroyed.
Your wolf bites the howler monkey.
The freezing wraith misses you. The freezing wraith closely misses you.
The howler monkey hits your wolf.
Your wolf barely misses the howler monkey.
Unknown command.
You hit the freezing wraith but do no damage.
The freezing wraith is almost destroyed.
Your wolf closely misses the howler monkey.
The freezing wraith hits you.
* * * LOW HITPOINT WARNING * * *
The freezing wraith freezes you!!
You die...

######... ........#
........# +..# .....h..#
+..# #......@Wh.# #..#
#....8.....# #..#
#..........# #..#
#...[......#######..####
#.......................
#.#######...............
#.# #...............
#.#######...............
#.......................


You could see a freezing wraith (ally target), a howler monkey (distracted, ally
target), a friendly wolf (summoned) and a friendly lightning spire (summoned).

Vanquished Creatures
  Snorg (D:12)
  A boulder beetle (D:12)
  3 two-headed ogres
  A cyclops (D:12)
  A gargoyle (D:13)
  A tengu conjurer (D:12)
  5 slime creatures (D:12)
  A hornet (D:11)
  2 wraiths (D:11)
  5 yaks
  2 acid dragons (D:11)
  A water moccasin (D:9)
  A sky beast (D:8)
  A black bear (D:4)
  4 orc warriors
  An ogre (D:5)
  3 centaurs
  A phantom (D:5)
  2 kobold brigands
  A gnoll sergeant (D:7)
  A bullfrog (D:6)
  2 necrophages
  2 scorpions
  3 wights
  3 howler monkeys (D:12)
  2 electric eels (D:12)
  2 hounds (D:6)
  3 jellies
  4 orc priests
  3 iguanas (D:4)
  2 orc wizards
  4 gnolls
  6 adders
  2 shadow imps (D:7)
  A worm (D:2)
  3 dart slugs
  18 orcs
  4 bats
  6 endoplasms
  6 giant cockroaches
  7 goblins
  6 hobgoblins
  A jackal (D:1)
  3 quokkas
  10 ball pythons
  A frilled lizard (D:1)
  19 kobolds
  6 rats
  A spectral goblin (D:7)
169 creatures vanquished.

Vanquished Creatures (collateral kills)
  2 two-headed ogres
  A tengu warrior (D:13)
  An ugly thing (D:12)
  A cyclops (D:12)
  2 unseen horrors
  A rime drake (shapeshifter) (D:13)
  7 yaks
  A steam dragon (D:8)
  5 vampire mosquitoes
  Menkaure (D:6)
  An orc warrior (Bailey)
  A centaur (D:12)
  7 kobold brigands
  2 gnoll sergeants
  4 wights (D:9)
  2 orc priests
  4 orc wizards
  5 gnolls
  25 orcs
  2 jackals (D:1)
  17 kobolds
  A rat (D:1)
93 creatures vanquished.

Vanquished Creatures (others)
  Nessos (D:13)
  Harold (D:9)
  A gargoyle (D:13)
  An efreet (D:13)
  A vampire mosquito (D:10)
  A centaur (D:13)
  3 wights
  3 howler monkeys (D:13)
  4 plants (D:4)
  4 starspawn tentacles (D:13)
20 creatures vanquished.

Grand Total: 282 creatures vanquished

Notes
Turn   | Place    | Note
-------+----------+-------------------------------------------
     0 | D:1      | LnG the Kobold Summoner began the quest for the Orb.
     0 | D:1      | Reached XP level 1. HP: 10/10 MP: 3/3
   429 | D:1      | Reached XP level 2. HP: 15/15 MP: 5/5
   455 | D:1      | Learned a level 2 spell: Call Imp
   866 | D:1      | Found a faded altar of an unknown god.
   874 | D:1      | Reached XP level 3. HP: 19/19 MP: 6/6
   878 | D:1      | Learned a level 3 spell: Call Canine Familiar
  1350 | D:2      | Reached skill level 3 in Stealth
  1907 | D:2      | Reached XP level 4. HP: 21/24 MP: 7/7
  2742 | D:3      | Reached skill level 1 in Short Blades
  2958 | D:3      | Reached skill level 4 in Stealth
  3089 | D:3      | You fall into a shaft and drop 2 floors!
  3089 | D:5      | Entered Level 5 of the Dungeon
  3119 | D:4      | Noticed a scorpion
  3124 | D:4      | Killed a scorpion
  3125 | D:4      | Reached XP level 5. HP: 28/28 MP: 8/8
  3144 | D:4      | Reached skill level 5 in Stealth
  3150 | D:4      | Reached XP level 6. HP: 33/33 MP: 9/9
  3379 | D:4      | Learned a level 3 spell: Summon Guardian Golem
  3484 | D:4      | Reached skill level 6 in Stealth
  3595 | D:4      | Noticed a black bear
  3599 | D:4      | Killed a black bear
  3600 | D:4      | Reached skill level 1 in Fighting
  3892 | D:5      | Found a blossoming altar of Fedhas.
  3918 | D:5      | Found a sacrificial altar of Ru.
  4215 | D:5      | Reached skill level 7 in Stealth
  4215 | D:5      | Reached XP level 7. HP: 38/38 MP: 10/10
  4273 | D:5      | Found a stormy altar of Qazlal.
  4383 | D:5      | Found a staircase to the Ecumenical Temple.
  4389 | Temple   | Entered the Ecumenical Temple
  4443 | Temple   | Became a worshipper of Lugonu the Unformed
  4443 | Temple   | Reached * piety under Lugonu
  4749 | D:5      | Found a shimmering blue altar of Sif Muna.
  5213 | D:6      | Reached skill level 5 in Summonings
  5219 | D:6      | Noticed Menkaure
  5233 | D:6      | Killed Menkaure
  5234 | D:6      | Reached skill level 8 in Stealth
  5234 | D:6      | Reached XP level 8. HP: 20/43 MP: 11/11
  5477 | D:6      | Found a white marble altar of Elyvilon.
  5519 | D:6      | Found Etam's General Store.
  5524 | D:6      | Bought a scroll of identify for 30 gold pieces
  5528 | D:6      | Found an opulent altar of Gozag.
  5582 | D:6      | Reached skill level 1 in Invocations
  5585 | D:6      | Reached skill level 9 in Stealth
  6702 | D:7      | Found a hazy altar of Hepliaklqana.
  6996 | D:7      | Reached skill level 5 in Short Blades
  6996 | D:7      | Reached XP level 9. HP: 33/48 MP: 14/14
  7234 | D:7      | Found a radiant altar of Vehumet.
  7395 | D:8      | Identified the +11 sling "Iwyotum" {freeze, rF+ rN+}
  7872 | D:8      | Learned a level 4 spell: Summon Lightning Spire
  7888 | D:8      | Reached skill level 5 in Dodging
  7907 | D:8      | Reached skill level 10 in Stealth
  8212 | D:8      | Found a shadowy altar of Dithmenos.
  8799 | D:8      | Reached ** piety under Lugonu
  9179 | D:9      | Identified the +1 short sword of the Original Sin {pain,
                  | Str-2 Int+4}
  9384 | D:9      | Noticed Harold
  9391 | D:9      | Reached skill level 5 in Spellcasting
  9408 | D:9      | Killed Harold
  9409 | D:9      | Reached XP level 10. HP: 26/54 MP: 8/18
  9698 | D:9      | Found an ancient bone altar of Kikubaaqudgha.
  9698 | D:9      | Noticed a two-headed ogre
  9708 | D:9      | Killed a two-headed ogre
  9709 | D:9      | Reached skill level 1 in Air Magic
  9709 | D:9      | Reached skill level 5 in Invocations
 10018 | D:9      | Found a staircase to the Lair.
 10033 | D:9      | Found Moratoal's Weapon Shop.
 10035 | D:9      | Found a staircase to the Orcish Mines.
 10043 | D:9      | Found Jiomny's Armour Shop.
 10051 | D:9      | Bought the +3 robe "Wyxkub" {+Blink rCorr} for 423 gold
                  | pieces
 10208 | D:9      | Found an iron altar of Okawaru.
 10460 | D:9      | Reached skill level 11 in Stealth
 10564 | D:9      | Found an ornate altar of the Wu Jian Council.
 10564 | D:9      | Found a glowing golden altar of the Shining One.
 10758 | D:9      | Reached *** piety under Lugonu
 10914 | D:10     | Entered Level 10 of the Dungeon
 10972 | D:10     | Noticed a two-headed ogre
 10976 | D:10     | Killed a two-headed ogre
 10992 | D:10     | Found a flagged portal.
 11004 | Bailey   | Entered a bailey
 11028 | Bailey   | Reached XP level 11. HP: 60/60 MP: 17/21
 11286 | Bailey   | HP: 2/60 [kobold brigand/+0 war axe (6)]
 11697 | D:10     | Noticed a two-headed ogre
 11711 | D:10     | Killed a two-headed ogre
 12357 | D:10     | Found a transporter.
 12357 | D:10     | Found a transporter.
 12360 | D:10     | Noticed an orc knight
 12763 | D:10     | Noticed a cyclops
 13575 | D:11     | Paralysed by a hornet for 1 turns
 14513 | D:12     | Noticed Snorg
 14514 | D:12     | Noticed a cyclops
 14523 | D:12     | Killed Snorg
 14529 | D:12     | Killed a cyclops
 14530 | D:12     | Reached skill level 12 in Stealth
 14530 | D:12     | Reached XP level 12. HP: 51/66 MP: 20/24
 14726 | D:12     | Noticed a boulder beetle
 14766 | D:12     | Killed a boulder beetle
 14842 | D:12     | Noticed a two-headed ogre
 14853 | D:12     | Killed a two-headed ogre
 14853 | D:12     | Reached **** piety under Lugonu
 15057 | D:12     | Found an opulent altar of Gozag.
 15070 | D:12     | Found Gozag's Platinum Reserve.
 16134 | D:13     | Noticed a tengu warrior
 16340 | D:13     | Killed a tengu warrior
 16563 | D:13     | Noticed Nessos
 16565 | D:13     | Corrupted D:13
 16565 | D:13     | Noticed a thrashing horror
 16565 | D:13     | Noticed a tentacled starspawn
 16565 | D:13     | Noticed a tentacled starspawn
 16565 | D:13     | Noticed a large abomination
 16565 | D:13     | Noticed a revenant
 16565 | D:13     | Noticed a thrashing horror
 16565 | D:13     | Noticed a thrashing horror
 16568 | D:13     | Noticed a large abomination
 16569 | D:13     | Killed Nessos
 16569 | D:13     | Noticed a starcursed mass
 16576 | D:13     | Noticed a hell hog
 16579 | D:13     | Noticed a deep elf elementalist
 16795 | D:13     | Noticed a tengu warrior
 16796 | D:13     | Noticed a centaur warrior
 16861 | D:13     | Noticed a two-headed ogre
 16864 | D:13     | Killed a two-headed ogre
 16916 | D:13     | Reached skill level 1 in Evocations
 17028 | D:13     | Found a runed translucent gate.
 17028 | D:13     | Noticed a merfolk impaler
 17028 | D:13     | Noticed Tuopn's ghost (journeyman OpFE)
 17029 | D:13     | Found a runed translucent gate.
 17033 | D:13     | Found a runed translucent gate.
 17034 | D:13     | Noticed a naga warrior
 17057 | D:13     | Identified the +7 rapier "Ofairoaj" {spect, rPois}
 17057 | D:13     | Noticed a tengu warrior
 17059 | D:13     | Noticed a tengu warrior
 17114 | D:13     | Identified the +2 leather armour of the Bulwark {rPois rN+
                  | Int+3}
 17333 | D:13     | Noticed Azrael
 17712 | D:14     | Slain by a freezing wraith

Illustrated notes

Levels and vault maps discovered:
D:1:      lemuel_arrival_tunnels, layout_basic,
          shapermc_ecumenical_altar_mp_ritualfount, minmay_fountain_box
D:2:      layout_basic, minmay_tetromino_s4
D:3:      layout_rooms, chequers_decorated_corner
D:4:      layout_rooms, nicolae_concentric_dashed_squares_mild,
          saegor_snake_ambush
D:5:      layout_basic, nicolae_qazlal_eye_of_the_storm, fedhas_altar_1,
          led_sif_book, nicolae_ru_awakened_eye, minmay_temple_entry_overgrown
D:6:      layout_rooms, nicolae_elyvilon_peaceful_grove,
          mainiacjoe_overflow_paths, serial_shops, shop,
          kennysheep_pointless_box, uniq_menkaure
D:7:      layout_rooms, mainiacjoe_overflow_brackets,
          nicolae_hepliaklqana_monster_ancestors
D:8:      layout_basic, nicolae_overflow_hidden_temple, minivault_4
D:9:      layout_rooms, lemuel_coloured_pillars_altar, kiku_gazebo_pond_becter,
          gammafunk_temple_overflow_wave, lair_entry_dummy, orc_david_3,
          special_room [special_room_orc], uniq_harold
D:10:     gammafunk_beogh_shrine, layout_basic, enter_bailey_3, minivault_15
D:11:     layout_grid_maze, minmay_misc_feat_ornament
D:12:     layout_basic, nicolae_gozag_zags_fifth_avenue, uniq_snorg
D:13:     layout_long_grid, gammafunk_ghost_fury_of_okawaru, uniq_nessos,
          uniq_azrael
D:14:     layout_long_grid, skrybe_vaults_entry_preservation,
          minmay_stone_trees_small
Temple:   corrupted_temple

Skill      XL: |  1  2  3  4  5  6  7  8  9 10 11 12 |
---------------+-------------------------------------+-----
Stealth        | 3 4 5 7 8 9 10 11 12 | 12.8
Short Blades   | 2 3 4 5 6 7 8 |  8.6
Dodging        | 3 4 5 6 7 |  7.5
Fighting       | 1 2 3 4 |  4.7
Summonings     | 5 7 9 |  9.5
Invocations    | 2 4 6 7 8 |  8.4
Spellcasting   | 3 5 7 8 |  8.9
Air Magic      | 2 |  2.7
Evocations     | 1 |  1.8
Hexes          | |  0.7

Action                   |  1- 3 |  4- 6 |  7- 9 | 10-12 || total
-------------------------+-------+-------+-------+-------++-------
Melee: Dagger            |    62 |   111 |   160 |       ||   333
       Unarmed           |     2 |       |       |       ||     2
       Punch             |     1 |     1 |     1 |     6 ||     9
       Short sword       |       |       |    23 |   373 ||   396
 Cast: Summon Small Mamm |     6 |       |       |     1 ||     7
       Call Imp          |     1 |       |    15 |    18 ||    34
       Call Canine Famil |       |       |    29 |    35 ||    64
       Summon Guardian G |       |       |     7 |     2 ||     9
       Summon Lightning  |       |       |     4 |    19 ||    23
Invok: Banish            |       |       |       |     2 ||     2
       Bend Space        |       |       |       |     1 ||     1
       Corrupt           |       |       |       |     1 ||     1
Evoke: Wand              |       |       |     2 |     8 ||    10
       Box of beasts     |       |       |       |     1 ||     1
  Use: Scroll            |     3 |     3 |    10 |     5 ||    21
       Potion            |       |       |     8 |     5 ||    13
 Stab: Sleeping          |    12 |    21 |    17 |    30 ||    80
       Distracted        |       |     1 |     3 |     6 ||    10
       Invisible         |       |       |       |     1 ||     1
Armor: Robe              |    14 |    19 |    21 |   109 ||   163
       Skin              |       |       |    20 |       ||    20
Dodge: Dodged            |    43 |    48 |   114 |   327 ||   532

Table legend: (Time is in decaauts)
 A = Elapsed time spent in this place.
 B = Non-inter-level travel time spent in this place.
 C = Inter-level travel time spent in this place.
 D = Time resting spent in this place.
 E = Time spent auto-exploring this place.
 F = Levels seen in this place.
 G = Mean time per level.
                   A        B        C        D        E       F      G
               +--------+--------+--------+--------+--------+-----+--------+
         Total |  17616 |  16737 |    879 |   6041 |   6155 |  16 | 1101.0 |
       Dungeon |  17249 |  16414 |    835 |   5875 |   6123 |  14 | 1232.1 |
        Temple |     92 |     49 |     43 |      0 |     32 |   1 |   92.0 |
        Bailey |    274 |    274 |      0 |    166 |      0 |   1 |  274.0 |
               +--------+--------+--------+--------+--------+-----+--------+

Top non-repeatable levels by time:
    D:12: 1887 daAuts
    D:10: 1789 daAuts
     D:8: 1677 daAuts
     D:9: 1601 daAuts
     D:7: 1496 daAuts
     D:1: 1347 daAuts
    D:11: 1331 daAuts
     D:2: 1308 daAuts
    D:13: 1163 daAuts
     D:5: 1145 daAuts
     D:6: 1068 daAuts
     D:3: 636 daAuts
     D:4: 592 daAuts
  Bailey: 274 daAuts
    D:14: 204 daAuts
